 Dungeon Crawl Stone Soup version 0.31-a0-536-ga3e2962e35 (webtiles) character file.

Game seed: 1237416243274913489

165 BritishOli the Trooper (level 5, 0/43 HPs)
             Began as a Demonspawn Fighter on Aug 13, 2023.
             Slain by an orc priest
             ... wielding a +0 hand axe
              (3 damage)
             ... on level 4 of the Dungeon.
             The game lasted 00:03:22 (2759 turns).

BritishOli the Trooper (Demonspawn Fighter)         Turns: 2759, Time: 00:03:22

Health: 0/43       AC: 13    Str: 18    XL:     5   Next: 21%
Magic:  0/5        EV:  1    Int:  9    God:
Gold:   163        SH:  8    Dex: 13    Spells: 4/4 levels left

rFire   + . .        a - +0 war axe
rCold   + . .        c - +0 buckler
rNeg    . . .        o - +0 gold dragon scales
rPois   +            (helmet restricted)
rElec   .            (no cloak)
rCorr   .            (no gloves)
SInv    .            (no boots)
Will    .....        g - amulet of guardian spirit Stlth
                     (no ring)
HPRegen 0.27/turn    (no ring)
MPRegen 0.09/turn

%: guardian spirit
@: no status effects
A: antennae 2, condensation shield, demonic magic 1
a: no special abilities


You were on level 4 of the Dungeon.
You visited 1 branch of the dungeon, and saw 4 of its levels.

You collected 163 gold pieces.

Inventory:

Hand Weapons
 a - a +0 war axe (weapon)
Armour
 c - a +0 buckler (worn)
 o - +0 gold dragon scales (worn)
Jewellery
 g - an amulet of guardian spirit (around neck)
Wands
 r - a wand of flame (43)
Scrolls
 e - 3 scrolls of identify {unknown}
 f - a scroll of amnesia {unknown}
 i - a scroll of torment {unknown}
 n - a scroll of fear {unknown}
 q - 2 scrolls of poison {unknown}
 s - a scroll of vulnerability {unknown}
Potions
 b - a potion of invisibility {unknown}
 d - a potion of might
 h - 4 potions of curing {unknown}
 j - 3 potions of heal wounds {unknown}
 k - a potion of magic {unknown}
 l - a potion of enlightenment {unknown}
 m - a potion of ambrosia {unknown}
 p - a potion of lignification {unknown}


   Skills:
 + Level 4.4 Fighting
 + Level 3.4 Axes
 - Level 3.0 Armour
 - Level 3.0 Shields


You had 4 spell levels left.
You didn't know any spells.
Your spell library was empty.

Dungeon Overview and Level Annotations

Branches:
Dungeon (4/15)
 Temple: D:4-7

Altars:
Makhleb
Trog

Shops:
D:1 [=(*


Innate Abilities, Weirdness & Mutations

You have a pair of antennae on your head.
A meltable shield of frost defends you. (SH +4)
Spells you cast may paralyse adjacent enemies.


Message History

The orc priest hits you but does no damage.
You block the orc's attack.
The orc priest looks braver for a moment.
The orc hits you with a +0 mace.
The orc priest hits you but does no damage.
The orc hits you but does no damage. x2
You block the orc's attack. The orc hits you but does no damage.
The orc priest hits you but does no damage.
The orc hits you with a +0 whip. The orc hits you but does no damage.
The orc priest hits you but does no damage.
The orc priest hits you but does no damage.
The orc hits you but does no damage. The orc hits you with a +0 whip.
You block the orc's attack. The orc hits you but does no damage.
You block the orc priest's attack. The orc hits you with a +0 whip.
You block the orc's attack.
The orc priest looks satisfied for a moment.
The orc hits you but does no damage. x2
The orc priest calls down the wrath of Beogh upon you.
Beogh smites you!
The orc priest hits you with a +0 hand axe.
* * * LOW HITPOINT WARNING * * *
The orc hits you but does no damage. You block the orc's attack.
You block the orc's attack. The orc hits you but does no damage.
You block the orc priest's attack. The orc hits you but does no damage.
The orc priest barely misses you. You block the orc's attack.
The orc priest begins to cast a cantrip, but forgets the words!
You block the orc's attack. The orc hits you but does no damage.
The orc hits you but does no damage. x2
The orc priest invokes the aid of Beogh against you.
Beogh smites you!
* * * LOW HITPOINT WARNING * * *
You block the orc's attack. x2; You block the orc priest's attack.
The orc priest hits you but does no damage.
You block the orc's attack. x2
The orc hits you but does no damage. You block the orc's attack.
The orc priest hits you but does no damage.
The orc hits you but does no damage. You block the orc's attack.
The orc priest hits you with a +0 hand axe.
You die...

..... ..## ...#.###..# #.....#
.......#..# #.....# ####
..........# #.....# #...
....#<..######.....# #...
#..............##.....#######...
#.####..........'...........'...
...#.....#..o##.....#######...
####.##.##.##.o@...####### #...
#.#............o.#.......####...
##....###.#.#...#................
...#.## #†#.#.#.#................
...#.# #.......#......###.......
..##.# ###.....######.# #.....##
..##.# { ##...## #.# #.....#
####.# ##### #.###.....# ####.#
#..##.....##


You could see an orc priest and 2 orcs.

Vanquished Creatures
  A hound (D:4)
  An orc wizard (D:3)
  2 adders (D:4)
  A worm (D:4)
  A dart slug (D:4)
  5 orcs
  5 ball pythons
  3 bats
  7 endoplasms
  4 giant cockroaches
  7 goblins
  8 hobgoblins
  8 jackals
  7 kobolds
  5 quokkas
  3 frilled lizards
  5 rats
73 creatures vanquished.

Notes
Turn   | Place    | Note
-------+----------+-------------------------------------------
     0 | D:1      | BritishOli the Demonspawn Fighter began the quest for the
                  | Orb.
     0 | D:1      | Reached XP level 1. HP: 18/18 MP: 1/1
     9 | D:1      | Found Keluqoi's General Store.
    48 | D:1      | Found a faded altar of an unknown god.
   129 | D:1      | Gained mutation: You have a pair of small antennae on your
                  | head. [demonic ancestry]
   129 | D:1      | Reached XP level 2. HP: 23/24 MP: 2/2
   247 | D:1      | Found Jann's Antique Weapon Boutique.
   270 | D:1      | Found Saycsatz's Antique Armour Shop.
   294 | D:1      | Found Ichiareg's Jewellery Boutique.
   412 | D:1      | You fall into a shaft and drop 1 floor!
   612 | D:2      | Identified the +3 ring mail of the Moon {rF++ Regen+
                  | Stlth-}
   786 | D:2      | Gained mutation: A meltable shield of frost defends you.
                  | (SH +4) [demonic ancestry]
   786 | D:2      | Reached XP level 3. HP: 29/29 MP: 3/3
  1354 | D:3      | Found a bloodstained altar of Trog.
  1896 | D:4      | Reached skill level 4 in Fighting
  1896 | D:4      | Gained mutation: You have a pair of antennae on your head.
                  | [demonic ancestry]
  1896 | D:4      | Reached XP level 4. HP: 35/37 MP: 2/4
  2087 | D:3      | Gained mutation: Spells you cast may paralyse adjacent
                  | enemies. [demonic ancestry]
  2087 | D:3      | Reached XP level 5. HP: 27/43 MP: 5/5
  2406 | D:4      | Found a burning altar of Makhleb.
  2755 | D:4      | HP: 2/43 [orc priest/divine providence (9)]
  2759 | D:4      | Slain by an orc priest

Illustrated notes

Levels and vault maps discovered:
D:1:      dpeg_arrival_shrine, layout_basic, serial_shops, shop, shop, shop,
          nicolae_shop_peninsula, dreamdust_ecumenical_altar_grove,
          minmay_misc_feat_plants
D:2:      layout_basic
D:3:      layout_basic, mainiacjoe_overflow_alcove_2, guppyfry_early_orc_mine
D:4:      minmay_octagon_keep, layout_basic, lightli_temple_of_fire

Skill      XL: |  1  2  3 |
---------------+----------+-----
Axes           | 2 3 |  3.4
Armour         | 3 |  3.0
Shields        | 3 |  3.0
Fighting       | 4 |  4.4

Action                     |  1- 3 |  4- 6 || total
---------------------------+-------+-------++-------
  Melee: War axe           |   125 |    66 ||   191
 Armour: Scale mail        |    34 |       ||    34
         Gold dragon scale |    39 |    75 ||   114
  Dodge: Dodged            |    30 |     6 ||    36
  Block: Buckler           |    53 |    38 ||    91

Table legend: (Time is in decaauts)
 A = Elapsed time spent in this place.
 B = Non-inter-level travel time spent in this place.
 C = Inter-level travel time spent in this place.
 D = Time resting spent in this place.
 E = Time spent auto-exploring this place.
 F = Levels seen in this place.
 G = Mean time per level.
                   A        B        C        D        E       F      G
               +--------+--------+--------+--------+--------+-----+--------+
         Total |   2840 |   2707 |    133 |      0 |   2143 |   4 |  710.0 |
       Dungeon |   2840 |   2707 |    133 |      0 |   2143 |   4 |  710.0 |
               +--------+--------+--------+--------+--------+-----+--------+

Top non-repeatable levels by time:
     D:3: 879 daAuts
     D:4: 828 daAuts
     D:2: 704 daAuts
     D:1: 428 daAuts
